Wild vs Predators

Created - April 21 2010 at 18:19

Goals
1 2 3 T
Wild 4 1 0 5
Predators 1 0 0 1
Shots
1 2 3 T
Wild 16 2 8 26
Predators 5 10 16 31

Period #1

1. Predators , Jeff Carter 4 (Tomas Kaberle, Simon Gagne) at 7:42 (PP)
2. Wild , Shane Doan 6 (Olli Jokinen, Milan Hejduk) at 8:34
3. Wild , Olli Jokinen 3 (Jaroslav Spacek, Milan Hejduk) at 9:53 (PP)
4. Wild , Jason Arnott 10 (Alexei Ponikarovsky, Marian Gaborik) at 10:32
5. Wild , Jaroslav Spacek 2 (Milan Hejduk) at 12:15 (PP)

Penalties :
Shane Doan (MIN) for Tripping (Minor) at 5:36, Philippe Boucher (MIN) for Hooking (Minor) at 6:29, Braydon Coburn (NSH) for Elbowing (Minor) at 8:39, Braydon Coburn (NSH) for High sticking (Minor) at 10:46, Scott Hartnell (NSH) for Tripping (Minor) at 11:01, Alex Burrows (NSH) for Tripping (Minor) at 13:29, Niclas Wallin (MIN) for Elbowing (Minor) at 15:41, Scott Hartnell (NSH) for Fighting (Major) at 18:59, Brooks Laich (MIN) for Fighting (Major) at 18:59

Period #2

6. Wild , Marian Gaborik 7 (Shane Doan, Michal Rozsival) at 5:05 (PP)

Penalties :
Philippe Boucher (MIN) for Holding (Minor) at 0:06, Alex Burrows (NSH) for Fighting (Major) at 3:45, Mike Grier (MIN) for Fighting (Major) at 3:45, Vernon Fiddler (NSH) for Cross-checking (Minor) at 4:51, Steven Stamkos (NSH) for Slashing (Minor) at 5:22, Marian Gaborik (MIN) for Tripping (Minor) at 5:22, Nick Schultz (MIN) for Roughing (Minor) at 10:53

Period #3

No Goal

Penalties :
Mike Grier (MIN) for Holding (Minor) at 2:49, Alexei Ponikarovsky (MIN) for Cross-checking (Minor) at 9:56

Goalie Stats

Dwayne Roloson (MIN), 30 saves from 31 shots - (0.968), W, 6-2-2, 60:00 minutes
Pekka Rinne (NSH), 8 saves from 12 shots - (0.667), L, 6-3-0, 12:15 minutes
Jean-Sebastien Giguere (NSH), 13 saves from 14 shots - (0.929), 47:45 minutes

Players Stats

Wild
Player Name              G  A  P  +/- PIM S  H  SB FO    MP 
------------------------------------------------------------
Alexei Ponikarovsky      0  1  1   1  2   0  5  0  1/1   15 
Brooks Laich             0  0  0   0  5   4  0  1  1/1   17 
Bryan McCabe             0  0  0   0  0   1  0  0  0/0   4  
Jaroslav Spacek          1  1  2   1  0   2  0  0  0/0   21 
Jason Arnott             1  0  1   1  0   2  0  0  16/25 18 
Krys Kolanos             0  0  0   0  0   0  0  0  7/14  6  
Kyle Brodziak            0  0  0   0  0   0  1  0  10/15 7  
Marian Gaborik           1  1  2   1  2   8  0  0  0/0   19 
Mats Sundin              0  0  0   0  0   0  0  1  5/15  12 
Michal Rozsival          0  1  1   1  0   1  3  0  0/0   20 
Mike Grier               0  0  0   0  7   0  2  0  0/0   15 
Milan Hejduk             0  3  3   1  0   0  0  0  1/1   17 
Nick Schultz             0  0  0   1  2   1  1  0  0/0   20 
Niclas Wallin            0  0  0   0  2   0  4  3  0/0   18 
Olli Jokinen             1  1  2   1  0   2  0  0  9/21  18 
Philippe Boucher         0  0  0   1  4   1  3  1  0/0   18 
Ruslan Salei             0  0  0   0  0   2  1  0  0/0   19 
Shane Doan               1  1  2   1  2   2  3  0  0/0   19 
Predators
Player Name              G  A  P  +/- PIM S  H  SB FO    MP 
------------------------------------------------------------
Alex Burrows             0  0  0   0  7   3  2  0  0/0   12 
Braydon Coburn           0  0  0   0  4   3  7  0  0/0   22 
Brent Burns              0  0  0   0  0   1  1  1  0/0   23 
David Legwand            0  0  0  -1  0   2  0  1  9/20  19 
Derek Morris             0  0  0  -1  0   0  0  2  0/0   3  
Jeff Carter              1  0  1  -1  0   5  0  0  16/28 20 
Jonathan Cheechoo        0  0  0  -1  0   1  1  0  0/1   21 
Nicklas Backstrom        0  0  0   0  0   2  1  0  14/30 19 
Scott Hartnell           0  0  0  -1  7   1  4  0  1/3   17 
Scottie Upshall          0  0  0   0  0   0  0  0  0/0   2  
Shea Weber               0  0  0  -1  0   4  4  1  0/0   25 
Simon Gagne              0  1  1  -1  0   4  0  0  0/3   19 
Steven Stamkos           0  0  0   0  2   0  2  0  1/2   19 
Thomas Vanek             0  0  0  -1  0   3  1  0  0/1   20 
Tomas Kaberle            0  1  1  -1  0   2  0  0  0/0   23 
Vernon Fiddler           0  0  0   0  2   0  1  1  2/5   6  
Viktor Kozlov            0  0  0   0  0   0  0  0  0/0   1  
Zbynek Michalek          0  0  0  -1  0   0  0  0  0/0   21 

3 Stars

1 - Dwayne Roloson (MIN)
2 - Jaroslav Spacek (MIN)
3 - Milan Hejduk (MIN)

Power Play

Wild - 3 on 5 Attempt(s) - 60.00%
Predators - 1 on 7 Attempt(s) - 14.29%

Penalty Kill

Wild - 6 on 7 Attempt(s) - 85.71% - Score 0 goal in Penalty Kill
Predators - 2 on 5 Attempt(s) - 40.00% - Score 0 goal in Penalty Kill

Game Notes

Derek Morris is injured at 10:52 of 1st period (Left Leg)
Jean-Sebastien Giguere enters game at 12:15 of 1st period
Scott Hartnell and Brooks Laich fight to a draw at 18:59 of 1st period
Alex Burrows beats up Mike Grier at 3:45 of 2nd period

Finance

Level 1 -- Attendance: 6500 (100.00%) -- Ticket Income $520,000.00
Level 2 -- Attendance: 5000 (100.00%) -- Ticket Income $260,000.00
Level 3 -- Attendance: 3500 (100.00%) -- Ticket Income $105,000.00
Level 4 -- Attendance: 1113 (100.00%) -- Ticket Income $22,260.00
Luxury Box -- Attendance: 1000 (100.00%) -- Ticket Income $135,000.00
Game was played at the Sommet Center
Total Attendance: 17113 (100.00%)
Total Ticket Income: $1,076,748.00
Other Income: $323,024.48
Total Income: $1,399,772.00


Play by Play

Period #1

0:01 of 1st period - Jason Arnott wins face-off versus Jeff Carter in neutral zone.
0:40 of 1st period - Jeff Carter is hit by Alexei Ponikarovsky and loses puck.
1:02 of 1st period - Icing by Olli Jokinen.
1:03 of 1st period - Olli Jokinen wins face-off versus Simon Gagne in Wild zone.
1:03 of 1st period - Olli Jokinen is hit by Scott Hartnell.
1:11 of 1st period - Shot by Olli Jokinen.
1:11 of 1st period - Stopped by Pekka Rinne without a rebound.
1:12 of 1st period - Nicklas Backstrom wins face-off versus Mats Sundin in Predators zone.
2:01 of 1st period - Nicklas Backstrom is hit by Shane Doan and loses puck.
2:15 of 1st period - Milan Hejduk is hit by Alex Burrows and loses puck.
2:32 of 1st period - Shot by Shane Doan.
2:32 of 1st period - Stopped by Pekka Rinne without a rebound.
2:33 of 1st period - Alexei Ponikarovsky wins face-off versus David Legwand in Predators zone.
3:24 of 1st period - Shot by Brooks Laich.
3:24 of 1st period - Shot Misses the Net.
3:30 of 1st period - Shot by Mats Sundin.
3:30 of 1st period - Shot Misses the Net.
3:32 of 1st period - Shot by Brooks Laich.
3:32 of 1st period - Stopped by Pekka Rinne without a rebound.
3:33 of 1st period - Jeff Carter wins face-off versus Olli Jokinen in Predators zone.
4:01 of 1st period - Icing by Shea Weber.
4:02 of 1st period - Jeff Carter wins face-off versus Mats Sundin in Predators zone.
4:02 of 1st period - Shea Weber is hit by Mike Grier and loses puck.
4:08 of 1st period - Mats Sundin is hit by Shea Weber and loses puck.
4:11 of 1st period - Shot by Ruslan Salei.
4:11 of 1st period - Shot Misses the Net.
4:13 of 1st period - Shot by Mats Sundin.
4:13 of 1st period - Shot Misses the Net.
4:15 of 1st period - Shot by Ruslan Salei.
4:15 of 1st period - Stopped by Pekka Rinne without a rebound.
4:16 of 1st period - Nicklas Backstrom wins face-off versus Jason Arnott in Predators zone.
4:39 of 1st period - Shot by Marian Gaborik.
4:39 of 1st period - Stopped by Pekka Rinne without a rebound.
4:40 of 1st period - David Legwand wins face-off versus Mats Sundin in Predators zone.
4:53 of 1st period - Icing by Derek Morris.
4:54 of 1st period - Olli Jokinen wins face-off versus David Legwand in Predators zone.
5:36 of 1st period - Minor Penalty to Shane Doan for Tripping.
5:37 of 1st period - Kyle Brodziak wins face-off versus Thomas Vanek in Wild zone.
5:37 of 1st period - Niclas Wallin is hit by Steven Stamkos and loses puck.
5:46 of 1st period - Shot by Shea Weber.
5:46 of 1st period - Shot Blocked by Niclas Wallin.
5:48 of 1st period - Shot by Shea Weber.
5:48 of 1st period - Stopped by Dwayne Roloson without a rebound.
5:49 of 1st period - Jeff Carter wins face-off versus Krys Kolanos in Wild zone.
6:28 of 1st period - Shot by Steven Stamkos.
6:28 of 1st period - Shot Misses the Net.
6:29 of 1st period - Minor Penalty to Philippe Boucher for Hooking.
6:30 of 1st period - Nicklas Backstrom wins face-off versus Kyle Brodziak in Wild zone.
6:45 of 1st period - Shot by Shea Weber.
6:45 of 1st period - Deflect By Nicklas Backstrom.
6:45 of 1st period - Stopped by Dwayne Roloson without a rebound.
6:46 of 1st period - Kyle Brodziak wins face-off versus Nicklas Backstrom in Wild zone.
6:46 of 1st period - Kyle Brodziak is hit by Thomas Vanek.
7:24 of 1st period - Shot by Tomas Kaberle.
7:24 of 1st period - Shot Misses the Net.
7:26 of 1st period - Shot by Tomas Kaberle.
7:26 of 1st period - Stopped by Dwayne Roloson without a rebound.
7:27 of 1st period - Krys Kolanos wins face-off versus Jeff Carter in Wild zone.
7:42 of 1st period - Shot by Jeff Carter.
7:42 of 1st period - Goal by Jeff Carter - Wild : 0 - Predators : 1.
7:43 of 1st period - Jason Arnott wins face-off versus David Legwand in neutral zone.
7:48 of 1st period - Shot by Jason Arnott.
7:48 of 1st period - Shot Misses the Net.
7:50 of 1st period - Shot by Jason Arnott.
7:50 of 1st period - Shot Blocked by David Legwand.
7:52 of 1st period - Shot by Jason Arnott.
7:52 of 1st period - Shot Blocked by Derek Morris.
8:06 of 1st period - Shot by Marian Gaborik.
8:06 of 1st period - Stopped by Pekka Rinne without a rebound.
8:07 of 1st period - Jeff Carter wins face-off versus Olli Jokinen in Predators zone.
8:14 of 1st period - Shot by Tomas Kaberle.
8:14 of 1st period - Shot Misses the Net.
8:34 of 1st period - Shot by Shane Doan.
8:34 of 1st period - Goal by Shane Doan - Wild : 1 - Predators : 1.
8:35 of 1st period - Brooks Laich wins face-off versus Nicklas Backstrom in neutral zone.
8:39 of 1st period - Minor Penalty to Braydon Coburn for Elbowing.
8:40 of 1st period - David Legwand wins face-off versus Jason Arnott in Predators zone.
9:10 of 1st period - Icing by Michal Rozsival.
9:11 of 1st period - Vernon Fiddler wins face-off versus Jason Arnott in Wild zone.
9:20 of 1st period - Brent Burns is hit by Shane Doan and loses puck.
9:53 of 1st period - Shot by Olli Jokinen.
9:53 of 1st period - Goal by Olli Jokinen - Wild : 2 - Predators : 1.
9:54 of 1st period - Jeff Carter wins face-off versus Mats Sundin in neutral zone.
10:23 of 1st period - Shot by Brooks Laich.
10:23 of 1st period - Stopped by Pekka Rinne without a rebound.
10:24 of 1st period - Jason Arnott wins face-off versus David Legwand in Predators zone.
10:32 of 1st period - Shot by Jason Arnott.
10:32 of 1st period - Goal by Jason Arnott - Wild : 3 - Predators : 1.
10:33 of 1st period - Olli Jokinen wins face-off versus Nicklas Backstrom in neutral zone.
10:33 of 1st period - Olli Jokinen is hit by Alex Burrows.
10:46 of 1st period - Minor Penalty to Braydon Coburn for High sticking.
10:47 of 1st period - Jason Arnott wins face-off versus Vernon Fiddler in Predators zone.
10:52 of 1st period - Shot by Marian Gaborik.
10:52 of 1st period - Shot Blocked by Derek Morris.
10:52 of 1st period - Derek Morris from Predators is injured at 10:52 of 1st period (Left Leg).
10:53 of 1st period - Milan Hejduk wins face-off versus Vernon Fiddler in Predators zone.
11:01 of 1st period - Minor Penalty to Scott Hartnell for Tripping.
11:02 of 1st period - Jason Arnott wins face-off versus David Legwand in Predators zone.
11:03 of 1st period - Shot by Bryan McCabe.
11:03 of 1st period - Stopped by Pekka Rinne without a rebound.
11:04 of 1st period - Jason Arnott wins face-off versus David Legwand in Predators zone.
11:21 of 1st period - Shot by Bryan McCabe.
11:21 of 1st period - Shot Blocked by Vernon Fiddler.
12:15 of 1st period - Shot by Jaroslav Spacek.
12:15 of 1st period - Goal by Jaroslav Spacek - Wild : 4 - Predators : 1.
12:15 of 1st period - Jean-Sebastien Giguere enters game.
12:16 of 1st period - David Legwand wins face-off versus Olli Jokinen in neutral zone.
12:24 of 1st period - Milan Hejduk is hit by Braydon Coburn and loses puck.
12:35 of 1st period - Jonathan Cheechoo is hit by Alexei Ponikarovsky.
13:09 of 1st period - Shot by Brooks Laich.
13:09 of 1st period - Stopped by Jean-Sebastien Giguere without a rebound.
13:10 of 1st period - Mats Sundin wins face-off versus Nicklas Backstrom in Predators zone.
13:10 of 1st period - Bryan McCabe is hit by Braydon Coburn and loses puck.
13:29 of 1st period - Minor Penalty to Alex Burrows for Tripping.
13:30 of 1st period - Vernon Fiddler wins face-off versus Jason Arnott in Predators zone.
13:53 of 1st period - Shot by Marian Gaborik.
13:53 of 1st period - Stopped by Jean-Sebastien Giguere without a rebound.
13:54 of 1st period - David Legwand wins face-off versus Olli Jokinen in Predators zone.
14:00 of 1st period - Icing by Jaroslav Spacek.
14:01 of 1st period - Olli Jokinen wins face-off versus David Legwand in Wild zone.
14:05 of 1st period - Milan Hejduk is hit by Braydon Coburn.
14:45 of 1st period - Shot by Jason Arnott.
14:45 of 1st period - Stopped by Jean-Sebastien Giguere without a rebound.
14:46 of 1st period - Jason Arnott wins face-off versus Vernon Fiddler in Predators zone.
15:33 of 1st period - Icing by Brent Burns.
15:34 of 1st period - Nicklas Backstrom wins face-off versus Mats Sundin in Predators zone.
15:34 of 1st period - Nicklas Backstrom is hit by Mike Grier.
15:41 of 1st period - Minor Penalty to Niclas Wallin for Elbowing.
15:42 of 1st period - Krys Kolanos wins face-off versus Nicklas Backstrom in Wild zone.
16:18 of 1st period - Icing by Nicklas Backstrom.
16:19 of 1st period - Kyle Brodziak wins face-off versus Nicklas Backstrom in Predators zone.
16:23 of 1st period - Icing by Shea Weber.
16:24 of 1st period - Krys Kolanos wins face-off versus Nicklas Backstrom in Predators zone.
16:24 of 1st period - Krys Kolanos is hit by Shea Weber.
16:28 of 1st period - Shot by Brooks Laich.
16:28 of 1st period - Stopped by Jean-Sebastien Giguere with a rebound.
17:06 of 1st period - Shot by Jeff Carter.
17:06 of 1st period - Deflect By Simon Gagne.
17:06 of 1st period - Shot Hit the Post.
17:08 of 1st period - Shot by Braydon Coburn.
17:08 of 1st period - Stopped by Dwayne Roloson without a rebound.
17:09 of 1st period - Krys Kolanos wins face-off versus Nicklas Backstrom in Wild zone.
17:09 of 1st period - Krys Kolanos is hit by Steven Stamkos.
17:59 of 1st period - Shot by Marian Gaborik.
17:59 of 1st period - Shot Misses the Net.
18:10 of 1st period - Icing by Nick Schultz.
18:11 of 1st period - Jason Arnott wins face-off versus Simon Gagne in Wild zone.
18:11 of 1st period - Shane Doan is hit by Scott Hartnell and loses puck.
18:51 of 1st period - Brooks Laich is hit by Braydon Coburn and loses puck.
18:59 of 1st period - Scott Hartnell and Brooks Laich fight to a draw.
18:59 of 1st period - Penalty to Scott Hartnell for Fighting.
18:59 of 1st period - Penalty to Brooks Laich for Fighting.
19:00 of 1st period - Jeff Carter wins face-off versus Olli Jokinen in Predators zone.
19:00 of 1st period - Jeff Carter is hit by Shane Doan.

Period #2

0:01 of 2nd period - Jeff Carter wins face-off versus Jason Arnott in neutral zone.
0:06 of 2nd period - Minor Penalty to Philippe Boucher for Holding.
0:07 of 2nd period - Kyle Brodziak wins face-off versus Nicklas Backstrom in Wild zone.
1:40 of 2nd period - Shot by Simon Gagne.
1:40 of 2nd period - Shot Misses the Net.
1:42 of 2nd period - Shot by Braydon Coburn.
1:42 of 2nd period - Stopped by Dwayne Roloson without a rebound.
1:43 of 2nd period - Steven Stamkos wins face-off versus Krys Kolanos in Wild zone.
3:19 of 2nd period - Brent Burns is hit by Alexei Ponikarovsky and loses puck.
3:45 of 2nd period - Alex Burrows beats up Mike Grier.
3:45 of 2nd period - Penalty to Alex Burrows for Fighting.
3:45 of 2nd period - Penalty to Mike Grier for Fighting.
3:46 of 2nd period - Kyle Brodziak wins face-off versus Jeff Carter in neutral zone.
4:06 of 2nd period - Shot by Shea Weber.
4:06 of 2nd period - Shot Blocked by Mats Sundin.
4:51 of 2nd period - Minor Penalty to Vernon Fiddler for Cross-checking.
4:52 of 2nd period - Jason Arnott wins face-off versus Nicklas Backstrom in Predators zone.
4:52 of 2nd period - Jason Arnott is hit by Shea Weber.
5:01 of 2nd period - Shot by Michal Rozsival.
5:01 of 2nd period - Shot Misses the Net.
5:05 of 2nd period - Shot by Marian Gaborik.
5:05 of 2nd period - Goal by Marian Gaborik - Wild : 5 - Predators : 1.
5:06 of 2nd period - Nicklas Backstrom wins face-off versus Jason Arnott in neutral zone.
5:08 of 2nd period - Jeff Carter is hit by Philippe Boucher and loses puck.
5:22 of 2nd period - Minor Penalty to Steven Stamkos for Slashing.
5:22 of 2nd period - Minor Penalty to Marian Gaborik for Tripping.
5:23 of 2nd period - Scott Hartnell wins face-off versus Krys Kolanos in neutral zone.
5:30 of 2nd period - Shot by Shea Weber.
5:30 of 2nd period - Stopped by Dwayne Roloson without a rebound.
5:31 of 2nd period - Jeff Carter wins face-off versus Krys Kolanos in Wild zone.
5:40 of 2nd period - Shot by Braydon Coburn.
5:40 of 2nd period - Stopped by Dwayne Roloson with a rebound.
5:44 of 2nd period - Shot by Simon Gagne.
5:44 of 2nd period - Stopped by Dwayne Roloson without a rebound.
5:45 of 2nd period - Kyle Brodziak wins face-off versus Nicklas Backstrom in Wild zone.
5:59 of 2nd period - Shot by Shea Weber.
5:59 of 2nd period - Shot Misses the Net.
7:34 of 2nd period - Shot by Shane Doan.
7:34 of 2nd period - Shot Blocked by Brent Burns.
7:36 of 2nd period - Shot by Nick Schultz.
7:36 of 2nd period - Stopped by Jean-Sebastien Giguere without a rebound.
7:37 of 2nd period - Mats Sundin wins face-off versus Steven Stamkos in Predators zone.
7:49 of 2nd period - Off-side.
7:50 of 2nd period - Jason Arnott wins face-off versus David Legwand in neutral zone.
8:36 of 2nd period - Jeff Carter is hit by Philippe Boucher and loses puck.
8:41 of 2nd period - Shot by Jeff Carter.
8:41 of 2nd period - Shot Blocked by Philippe Boucher.
8:43 of 2nd period - Shot by Thomas Vanek.
8:43 of 2nd period - Stopped by Dwayne Roloson with a rebound.
8:47 of 2nd period - Shot by Brent Burns.
8:47 of 2nd period - Shot Misses the Net.
8:49 of 2nd period - Shot by Brent Burns.
8:49 of 2nd period - Shot Misses the Net.
9:21 of 2nd period - Shot by David Legwand.
9:21 of 2nd period - Stopped by Dwayne Roloson without a rebound.
9:22 of 2nd period - Mats Sundin wins face-off versus Nicklas Backstrom in Wild zone.
10:23 of 2nd period - Shot by Scott Hartnell.
10:23 of 2nd period - Shot Misses the Net.
10:25 of 2nd period - Shot by David Legwand.
10:25 of 2nd period - Deflect By Scott Hartnell.
10:25 of 2nd period - Shot Misses the Net.
10:45 of 2nd period - Shot by Jeff Carter.
10:45 of 2nd period - Stopped by Dwayne Roloson without a rebound.
10:46 of 2nd period - Jeff Carter wins face-off versus Olli Jokinen in Wild zone.
10:46 of 2nd period - Jeff Carter is hit by Michal Rozsival.
10:53 of 2nd period - Minor Penalty to Nick Schultz for Roughing.
10:54 of 2nd period - Nicklas Backstrom wins face-off versus Krys Kolanos in Wild zone.
11:02 of 2nd period - Shot by David Legwand.
11:02 of 2nd period - Stopped by Dwayne Roloson without a rebound.
11:03 of 2nd period - Krys Kolanos wins face-off versus Jeff Carter in Wild zone.
11:03 of 2nd period - Krys Kolanos is hit by Jonathan Cheechoo.
12:00 of 2nd period - Icing by Brent Burns.
12:01 of 2nd period - Nicklas Backstrom wins face-off versus Kyle Brodziak in Predators zone.
12:01 of 2nd period - Nicklas Backstrom is hit by Kyle Brodziak.
12:06 of 2nd period - Off-side.
12:07 of 2nd period - Kyle Brodziak wins face-off versus Jeff Carter in neutral zone.
12:45 of 2nd period - Off-side.
12:46 of 2nd period - Nicklas Backstrom wins face-off versus Krys Kolanos in neutral zone.
13:41 of 2nd period - Alex Burrows is hit by Michal Rozsival and loses puck.
14:07 of 2nd period - Icing by Nick Schultz.
14:08 of 2nd period - Jeff Carter wins face-off versus Olli Jokinen in Wild zone.
14:37 of 2nd period - Shot by Thomas Vanek.
14:37 of 2nd period - Stopped by Dwayne Roloson without a rebound.
14:38 of 2nd period - David Legwand wins face-off versus Jason Arnott in Wild zone.
14:45 of 2nd period - Shot by Simon Gagne.
14:45 of 2nd period - Stopped by Dwayne Roloson without a rebound.
14:46 of 2nd period - David Legwand wins face-off versus Mats Sundin in Wild zone.
15:36 of 2nd period - Off-side.
15:37 of 2nd period - Nicklas Backstrom wins face-off versus Jason Arnott in neutral zone.
15:37 of 2nd period - Nicklas Backstrom is hit by Alexei Ponikarovsky.
16:32 of 2nd period - Shea Weber is hit by Alexei Ponikarovsky and loses puck.
17:46 of 2nd period - Icing by Nick Schultz.
17:47 of 2nd period - Nicklas Backstrom wins face-off versus Olli Jokinen in Wild zone.
18:37 of 2nd period - Icing by Philippe Boucher.
18:38 of 2nd period - Jeff Carter wins face-off versus Jason Arnott in Wild zone.
18:51 of 2nd period - Shot by Thomas Vanek.
18:51 of 2nd period - Shot Misses the Net.
19:14 of 2nd period - Icing by Ruslan Salei.
19:15 of 2nd period - Mats Sundin wins face-off versus David Legwand in Wild zone.
19:44 of 2nd period - Icing by Brent Burns.
19:45 of 2nd period - Olli Jokinen wins face-off versus David Legwand in Predators zone.
19:45 of 2nd period - Milan Hejduk is hit by Brent Burns and loses puck.

Period #3

0:01 of 3rd period - Jason Arnott wins face-off versus Jeff Carter in neutral zone.
0:06 of 3rd period - Shot by Marian Gaborik.
0:06 of 3rd period - Stopped by Jean-Sebastien Giguere without a rebound.
0:07 of 3rd period - Olli Jokinen wins face-off versus Nicklas Backstrom in Predators zone.
0:07 of 3rd period - Olli Jokinen is hit by Braydon Coburn.
0:47 of 3rd period - Shot by Steven Stamkos.
0:47 of 3rd period - Shot Misses the Net.
0:49 of 3rd period - Shot by Nicklas Backstrom.
0:49 of 3rd period - Shot Misses the Net.
1:00 of 3rd period - Icing by Olli Jokinen.
1:01 of 3rd period - David Legwand wins face-off versus Olli Jokinen in Wild zone.
1:30 of 3rd period - Shot by David Legwand.
1:30 of 3rd period - Shot Misses the Net.
1:32 of 3rd period - Shot by Scott Hartnell.
1:32 of 3rd period - Stopped by Dwayne Roloson without a rebound.
1:33 of 3rd period - Jason Arnott wins face-off versus Jonathan Cheechoo in Wild zone.
1:43 of 3rd period - Alexei Ponikarovsky is hit by Shea Weber and loses puck.
2:05 of 3rd period - Shot by Marian Gaborik.
2:05 of 3rd period - Shot Misses the Net.
2:07 of 3rd period - Shot by Jason Arnott.
2:07 of 3rd period - Deflect By Marian Gaborik.
2:07 of 3rd period - Shot Misses the Net.
2:09 of 3rd period - Shot by Philippe Boucher.
2:09 of 3rd period - Shot Misses the Net.
2:13 of 3rd period - Shot by Marian Gaborik.
2:13 of 3rd period - Shot Misses the Net.
2:43 of 3rd period - Shot by Ruslan Salei.
2:43 of 3rd period - Stopped by Jean-Sebastien Giguere without a rebound.
2:44 of 3rd period - Mats Sundin wins face-off versus David Legwand in Predators zone.
2:49 of 3rd period - Minor Penalty to Mike Grier for Holding.
2:50 of 3rd period - Jeff Carter wins face-off versus Kyle Brodziak in Wild zone.
2:59 of 3rd period - Shot by Tomas Kaberle.
2:59 of 3rd period - Stopped by Dwayne Roloson with a rebound.
3:03 of 3rd period - Shot by Jeff Carter.
3:03 of 3rd period - Shot Misses the Net.
3:05 of 3rd period - Shot by Jeff Carter.
3:05 of 3rd period - Stopped by Dwayne Roloson without a rebound.
3:06 of 3rd period - Nicklas Backstrom wins face-off versus Krys Kolanos in Wild zone.
3:56 of 3rd period - Shot by Tomas Kaberle.
3:56 of 3rd period - Shot Blocked by Niclas Wallin.
3:58 of 3rd period - Shot by Jonathan Cheechoo.
3:58 of 3rd period - Stopped by Dwayne Roloson without a rebound.
3:59 of 3rd period - Kyle Brodziak wins face-off versus Nicklas Backstrom in Wild zone.
4:20 of 3rd period - Shot by Shea Weber.
4:20 of 3rd period - Shot Misses the Net.
4:22 of 3rd period - Shot by Shea Weber.
4:22 of 3rd period - Stopped by Dwayne Roloson without a rebound.
4:23 of 3rd period - Jeff Carter wins face-off versus Kyle Brodziak in Wild zone.
4:26 of 3rd period - Shot by Simon Gagne.
4:26 of 3rd period - Stopped by Dwayne Roloson without a rebound.
4:27 of 3rd period - Kyle Brodziak wins face-off versus Jeff Carter in Wild zone.
4:59 of 3rd period - David Legwand is hit by Nick Schultz and loses puck.
6:04 of 3rd period - Icing by Alexei Ponikarovsky.
6:05 of 3rd period - Jason Arnott wins face-off versus Jeff Carter in Wild zone.
6:32 of 3rd period - Shot by Thomas Vanek.
6:32 of 3rd period - Shot Misses the Net.
6:59 of 3rd period - Steven Stamkos is hit by Philippe Boucher and loses puck.
7:04 of 3rd period - Shot by Alex Burrows.
7:04 of 3rd period - Stopped by Dwayne Roloson without a rebound.
7:05 of 3rd period - David Legwand wins face-off versus Mats Sundin in Wild zone.
7:37 of 3rd period - Icing by Ruslan Salei.
7:38 of 3rd period - Jeff Carter wins face-off versus Mats Sundin in Wild zone.
8:11 of 3rd period - Shot by Thomas Vanek.
8:11 of 3rd period - Stopped by Dwayne Roloson without a rebound.
8:12 of 3rd period - Olli Jokinen wins face-off versus Scott Hartnell in Wild zone.
8:12 of 3rd period - Milan Hejduk is hit by Scott Hartnell and loses puck.
8:52 of 3rd period - Alex Burrows is hit by Michal Rozsival and loses puck.
9:03 of 3rd period - Shot by Steven Stamkos.
9:03 of 3rd period - Shot Misses the Net.
9:08 of 3rd period - Shane Doan is hit by Braydon Coburn and loses puck.
9:56 of 3rd period - Minor Penalty to Alexei Ponikarovsky for Cross-checking.
9:57 of 3rd period - Jeff Carter wins face-off versus Kyle Brodziak in Wild zone.
10:08 of 3rd period - Shot by Simon Gagne.
10:08 of 3rd period - Shot Blocked by Niclas Wallin.
10:10 of 3rd period - Shot by Brent Burns.
10:10 of 3rd period - Stopped by Dwayne Roloson with a rebound.
10:14 of 3rd period - Shot by Simon Gagne.
10:14 of 3rd period - Shot Misses the Net.
10:16 of 3rd period - Shot by Jeff Carter.
10:16 of 3rd period - Stopped by Dwayne Roloson without a rebound.
10:17 of 3rd period - Kyle Brodziak wins face-off versus Jeff Carter in Wild zone.
10:36 of 3rd period - Shot by Simon Gagne.
10:36 of 3rd period - Stopped by Dwayne Roloson without a rebound.
10:37 of 3rd period - Krys Kolanos wins face-off versus Nicklas Backstrom in Wild zone.
10:55 of 3rd period - Shot by Shea Weber.
10:55 of 3rd period - Stopped by Dwayne Roloson without a rebound.
10:56 of 3rd period - Krys Kolanos wins face-off versus Jeff Carter in Wild zone.
11:43 of 3rd period - Nick Schultz is hit by Nicklas Backstrom and loses puck.
12:05 of 3rd period - Michal Rozsival is hit by Braydon Coburn and loses puck.
12:19 of 3rd period - Jaroslav Spacek is hit by Scott Hartnell and loses puck.
12:36 of 3rd period - Off-side.
12:37 of 3rd period - David Legwand wins face-off versus Mats Sundin in neutral zone.
12:47 of 3rd period - Scott Hartnell is hit by Niclas Wallin and loses puck.
13:50 of 3rd period - Shot by Jaroslav Spacek.
13:50 of 3rd period - Stopped by Jean-Sebastien Giguere with a rebound.
14:01 of 3rd period - Icing by Philippe Boucher.
14:02 of 3rd period - Jason Arnott wins face-off versus Nicklas Backstrom in Wild zone.
14:58 of 3rd period - Icing by Nick Schultz.
14:59 of 3rd period - Olli Jokinen wins face-off versus Jeff Carter in Wild zone.
15:26 of 3rd period - Shot by Jeff Carter.
15:26 of 3rd period - Stopped by Dwayne Roloson without a rebound.
15:27 of 3rd period - Nicklas Backstrom wins face-off versus Mats Sundin in Wild zone.
15:27 of 3rd period - Nicklas Backstrom is hit by Niclas Wallin.
15:30 of 3rd period - Alex Burrows is hit by Niclas Wallin and loses puck.
15:36 of 3rd period - Nicklas Backstrom is hit by Niclas Wallin and loses puck.
16:18 of 3rd period - Shot by Zbynek Michalek.
16:18 of 3rd period - Shot Blocked by Brooks Laich.
16:49 of 3rd period - Thomas Vanek is hit by Ruslan Salei and loses puck.
17:22 of 3rd period - Shot by Alex Burrows.
17:22 of 3rd period - Stopped by Dwayne Roloson with a rebound.
17:24 of 3rd period - Shot by Brent Burns.
17:24 of 3rd period - Shot Misses the Net.
17:26 of 3rd period - Shot by Alex Burrows.
17:26 of 3rd period - Stopped by Dwayne Roloson without a rebound.
17:27 of 3rd period - Olli Jokinen wins face-off versus Simon Gagne in Wild zone.
17:37 of 3rd period - Milan Hejduk is hit by Vernon Fiddler and loses puck.
17:40 of 3rd period - Shot by Nick Schultz.
17:40 of 3rd period - Shot Misses the Net.
17:42 of 3rd period - Shot by Michal Rozsival.
17:42 of 3rd period - Stopped by Jean-Sebastien Giguere without a rebound.
17:43 of 3rd period - Jason Arnott wins face-off versus Scott Hartnell in Predators zone.
17:54 of 3rd period - Shot by Marian Gaborik.
17:54 of 3rd period - Stopped by Jean-Sebastien Giguere without a rebound.
17:55 of 3rd period - Nicklas Backstrom wins face-off versus Olli Jokinen in Predators zone.
18:00 of 3rd period - Shot by Nicklas Backstrom.
18:00 of 3rd period - Stopped by Dwayne Roloson without a rebound.
18:01 of 3rd period - Jeff Carter wins face-off versus Olli Jokinen in Wild zone.
18:26 of 3rd period - Shot by Jeff Carter.
18:26 of 3rd period - Shot Hit the Post.
19:03 of 3rd period - Shot by Jason Arnott.
19:03 of 3rd period - Shot Blocked by Shea Weber.
19:06 of 3rd period - Icing by Jeff Carter.
19:07 of 3rd period - Jason Arnott wins face-off versus Jeff Carter in Predators zone.
19:12 of 3rd period - Shot by Marian Gaborik.
19:12 of 3rd period - Stopped by Jean-Sebastien Giguere with a rebound.
19:16 of 3rd period - Shot by Alexei Ponikarovsky.
19:16 of 3rd period - Shot Misses the Net.
19:18 of 3rd period - Shot by Jaroslav Spacek.
19:18 of 3rd period - Shot Misses the Net.
19:22 of 3rd period - Shot by Marian Gaborik.
19:22 of 3rd period - Stopped by Jean-Sebastien Giguere with a rebound.
19:24 of 3rd period - Shot by Marian Gaborik.
19:24 of 3rd period - Shot Misses the Net.
19:26 of 3rd period - Shot by Philippe Boucher.
19:26 of 3rd period - Stopped by Jean-Sebastien Giguere without a rebound.
19:27 of 3rd period - Nicklas Backstrom wins face-off versus Olli Jokinen in Predators zone.


Output by the SimonT Hockey Simulator (STHS) for Stephane Roy -- Original Page W3C XHTML 1.0 Valid